Ice Dragons vs Patriotes
Created - February 13, 2018 at 20:39
Goals
|
Ice Dragons |
0 |
4 |
1 |
1 |
6 |
Patriotes |
2 |
2 |
1 |
0 |
5 |
|
Shots
|
Ice Dragons |
3 |
18 |
9 |
1 |
31 |
Patriotes |
11 |
12 |
18 |
0 |
41 |
|
1st period
1. Patriotes , Evgeny Kuznetsov 18 (Mark Stone 12, Ryan Wilson 35) at 4:48
2. Patriotes , Evgeny Kuznetsov 19 (Anthony Bitetto 19, Mark Stone 13) at 5:36
Penalties :
Christian Hanson (Nyc) for Tripping (Minor) at 9:22, Michael Latta (Kin) for Holding (Minor) at 17:54
2nd period
3. Ice Dragons , Michael Latta 25 (Curtis Glencross 39, Troy Brouwer 28) at 1:44 (PP)
4. Patriotes , Fedor Fedorov 11 (Mark Stone 14) at 4:04
5. Ice Dragons , Michael Latta 26 (Joe Callahan 23) at 4:52
6. Ice Dragons , Adam Larsson 2 (Michael Chaput 5, Theodor Blueger 3) at 7:38
7. Ice Dragons , Joe Callahan 3 (Tyler Haskins 24, Justin Faulk 27) at 9:25
8. Patriotes , Evgeny Kuznetsov 20 (Ryan Wilson 36) at 19:47
Penalties :
Emerson Etem (Nyc) for Interference (Minor) at 1:34, Ryan Wilson (Nyc) for Interference (Minor) at 5:14
3rd period
9. Ice Dragons , Justin Faulk 5 (Brandon Kozun 10) at 10:27
10. Patriotes , Matt Calvert 12 (Ryan Wilson 37, Timothy Kunes 23) at 17:05
Penalties :
Ryan Reaves (Kin) for Roughing (Minor) at 10:46, Fedor Fedorov (Nyc) for Hooking (Minor) at 19:36
Overtime #1
11. Ice Dragons , Troy Brouwer 32 (Curtis Glencross 40, Justin Faulk 28) at 0:16 (PP)
Penalties :
No Penalty
Goalie Stats
Anders Nilsson (Kin), 36 saves from 41 shots - (0.878), W, 24-18-3, 60:16 minutes
Marek Schwarz (Nyc), 25 saves from 31 shots - (0.806), OTL, 8-12-5, 60:16 minutes
Players Stats for Ice Dragons
Player Name G A P +/- PIM S H SB GA TA FO MP PP MP PK MP
------------------------------------------------------------------------------------
Adam Larsson 1 0 1 -1 0 1 1 1 0 0 0/0 13:12 0:00 1:27
Brandon Kozun 0 1 1 1 0 1 2 1 0 0 0/0 14:24 0:10 0:00
Chris Wagner 0 0 0 0 0 0 0 0 0 0 0/0 0:09 0:09 0:00
Christian Djoos 0 0 0 0 0 0 0 0 0 0 0/0 0:00 0:00 0:00
Curtis Glencross 0 2 2 -1 0 4 0 2 0 0 1/5 25:30 2:17 1:48
Joe Callahan 1 1 2 2 0 2 1 1 1 0 0/0 26:43 3:05 2:20
Justin Faulk 1 2 3 2 0 5 0 1 1 1 0/0 27:00 3:05 2:31
Kevin Connauton 0 0 0 -2 0 0 0 0 0 0 0/0 16:43 1:26 0:00
Michael Chaput 0 1 1 1 0 0 0 1 0 0 2/6 14:01 0:00 0:00
Michael Ferland 0 0 0 -1 0 1 0 0 0 0 0/0 4:54 0:00 1:20
Michael Latta 2 0 2 0 2 4 2 1 0 0 16/34 21:12 2:16 0:30
Petr Vrana 0 0 0 -1 0 3 2 1 0 0 0/0 18:12 2:05 0:34
Ryan Reaves 0 0 0 -1 2 0 1 0 0 0 1/1 17:37 2:05 0:00
Sam Carrick 0 0 0 0 0 0 0 0 0 0 0/2 2:04 0:10 0:00
Samuel Groulx 0 0 0 -1 0 1 2 3 0 1 0/0 15:09 0:00 0:11
Theodor Blueger 0 1 1 1 0 0 3 1 0 1 0/0 14:49 0:00 0:48
Tomas Kudelka 0 0 0 -2 0 0 0 4 0 0 0/0 21:45 1:26 1:27
Troy Brouwer 1 1 2 0 0 4 2 1 0 0 2/3 22:51 2:16 1:52
Tyler Haskins 0 1 1 -2 0 5 2 1 0 1 8/15 20:49 2:05 1:04
Players Stats for Patriotes
Player Name G A P +/- PIM S H SB GA TA FO MP PP MP PK MP
------------------------------------------------------------------------------------
Aaron Ness 0 0 0 0 0 1 0 0 0 0 0/0 12:25 0:00 0:51
Alex Petrovic 0 0 0 -1 0 0 1 0 0 1 0/0 11:43 0:00 0:00
Andrew Gordon 0 0 0 -1 0 4 1 0 0 0 4/7 15:54 2:04 2:46
Anthony Bitetto 0 1 1 0 0 4 1 0 0 0 0/0 20:41 1:46 1:45
Christian Hanson 0 0 0 0 2 2 2 1 0 0 6/13 18:08 2:04 1:32
David Kolomatis 0 0 0 0 0 1 1 0 0 0 0/0 21:07 1:46 2:11
Emerson Etem 0 0 0 0 2 0 1 2 0 0 0/0 8:15 0:17 0:00
Evgeny Kuznetsov 3 0 3 2 0 6 1 0 1 0 19/33 19:02 0:17 1:01
Fedor Fedorov 1 0 1 2 2 4 3 1 1 0 0/0 22:00 2:04 1:41
Justin Florek 0 0 0 -1 0 2 0 1 0 1 0/0 11:29 0:00 0:25
Mark Stone 0 3 3 2 0 2 3 1 0 0 0/0 18:06 0:22 0:00
Matt Calvert 1 0 1 0 0 2 0 0 0 0 1/1 16:22 1:37 0:33
Phil McRae 0 0 0 0 0 2 3 0 1 0 2/3 9:08 0:00 1:12
Ryan Wilson 0 3 3 1 2 4 3 1 1 0 0/0 26:43 2:12 1:45
Timothy Kunes 0 1 1 2 0 4 3 3 0 0 0/0 27:52 2:12 3:02
Tyler Randell 0 0 0 0 0 1 3 0 0 0 0/0 15:49 1:37 0:00
Vince Hinostroza 0 0 0 0 0 1 0 0 0 0 0/0 7:56 0:00 0:00
Zenon Konopka 0 0 0 -1 0 1 2 1 0 0 4/9 13:33 1:32 0:08
3 Stars
1 - Evgeny Kuznetsov (Nyc)
2 - Justin Faulk (Kin)
3 - Mark Stone (Nyc)
Power Play
Ice Dragons - 2 on 4 Attempt(s) - 50.00%
Patriotes - 0 on 2 Attempt(s) - 0.00%
Penalty Kill
Ice Dragons - 2 on 2 Attempt(s) - 100.00%
- Score 0 goal in Penalty Kill
Patriotes - 2 on 4 Attempt(s) - 50.00%
- Score 0 goal in Penalty Kill
Team Stat
Ice Dragons - Hits : 18 - Faceoff Wins : 30 - Blocked Shots : 19 - Penalty Minutes : 4
Patriotes - Hits : 28 - Faceoff Wins : 36 - Blocked Shots : 11 - Penalty Minutes : 8
Official
Referees : Fraser Kerry and Lee Chris
Linesman : Mark Pare and Shane Heyer
Game Notes
Evgeny Kuznetsov has scored a Hat Trick!
Finance
Level 1 -- Attendance: 1389 (69.45%) -- Ticket Income $55,560
Level 2 -- Attendance: 700 (70.00%) -- Ticket Income $14,000
Total Attendance: 2089 (69.63%)
Total Ticket Income: $69,560
Other Income: $3,478
Total Income: $73,038
Ice Dragons
5 vs 5 Forward
Center Left Wing Right Wing Time % Phy DF OF
1 Michael Latta Curtis Glencross Troy Brouwer 40 2 1 2
2 Tyler Haskins Petr Vrana Ryan Reaves 30 2 1 2
3 Michael Chaput Theodor Blueger Brandon Kozun 20 2 1 2
4 Tyler Haskins Michael Ferland Curtis Glencross 10 2 2 1
5 vs 5 Defense
Defense Defense Time % Phy DF OF
1 Justin Faulk Joe Callahan 40 2 1 2
2 Tomas Kudelka Kevin Connauton 30 2 1 2
3 Samuel Groulx Adam Larsson 20 2 1 2
4 Samuel Groulx Tomas Kudelka 10 2 1 2
PowerPlay Forward
Center Left Wing Right Wing Time % Phy DF OF
1 Michael Latta Curtis Glencross Troy Brouwer 60 2 0 3
2 Tyler Haskins Petr Vrana Ryan Reaves 40 2 0 3
PowerPlay Defense
Defense Defense Time % Phy DF OF
1 Justin Faulk Joe Callahan 60 2 1 2
2 Tomas Kudelka Kevin Connauton 40 2 1 2
Penalty Kill 4 Players Forward
Center Wing Time % Phy DF OF
1 Curtis Glencross Troy Brouwer 60 2 3 0
2 Michael Latta Tyler Haskins 40 2 3 0
Penalty Kill 4 Players Defense
Defense Defense Time % Phy DF OF
1 Justin Faulk Joe Callahan 60 2 3 0
2 Tomas Kudelka Adam Larsson 40 2 3 0
Penalty Kill - 3 Players Forward
Forward Time % Phy DF OF
1 Curtis Glencross 60 1 4 0
2 Troy Brouwer 40 1 4 0
Penalty Kill - 3 Players Defense
Defense Defense Time % Phy DF OF
1 Justin Faulk Joe Callahan 60 1 4 0
2 Samuel Groulx Adam Larsson 40 1 4 0
4 vs 4 Forward
Center Wing Time % Phy DF OF
1 Curtis Glencross Troy Brouwer 60 2 0 2
2 Michael Latta Tyler Haskins 40 2 1 2
4 vs 4 Defense
Defense Defense Time % Phy DF OF
1 Justin Faulk Joe Callahan 60 2 1 2
2 Tomas Kudelka Kevin Connauton 40 2 1 2
Last Minutes Offensive
Center Left Wing Right Wing Defense Defense
Michael Latta Curtis Glencross Troy Brouwer Justin Faulk Joe Callahan
Last Minutes Defensive
Center Left Wing Right Wing Defense Defense
Michael Latta Curtis Glencross Troy Brouwer Justin Faulk Joe Callahan
Goaltenders
Starting : Anders Nilsson
Backup : Harru Sateri
Extra Forwards
Normal : Sam Carrick, Curtis Glencross, Troy Brouwer - PP : Sam Carrick, Brandon Kozun - PK : Michael Ferland
Extra Defensemen
Normal : Justin Faulk, Adam Larsson, Tomas Kudelka - PP : Tomas Kudelka - PK : Tomas Kudelka, Samuel Groulx
Penalty Shots
Curtis Glencross, Troy Brouwer, Michael Latta, Tyler Haskins, Petr Vrana
Scratches
Justin Shugg (Healthy), Logan MacMillan (Healthy), Michael Stone (Torn Left Knee Ligaments Injury), Oscar Dansk (Healthy)
Patriotes
5 vs 5 Forward
Center Left Wing Right Wing Time % Phy DF OF
1 Evgeny Kuznetsov Fedor Fedorov Mark Stone 40 1 2 2
2 Christian Hanson Matt Calvert Tyler Randell 30 1 2 2
3 Zenon Konopka Justin Florek Andrew Gordon 20 1 2 2
4 Phil McRae Vince Hinostroza Emerson Etem 10 1 2 2
5 vs 5 Defense
Defense Defense Time % Phy DF OF
1 Ryan Wilson Timothy Kunes 40 1 2 2
2 Anthony Bitetto David Kolomatis 30 1 2 2
3 Alex Petrovic Aaron Ness 20 1 2 2
4 Ryan Wilson Timothy Kunes 10 1 2 2
PowerPlay Forward
Center Left Wing Right Wing Time % Phy DF OF
1 Christian Hanson Fedor Fedorov Andrew Gordon 60 1 2 2
2 Zenon Konopka Matt Calvert Tyler Randell 40 1 2 2
PowerPlay Defense
Defense Defense Time % Phy DF OF
1 Ryan Wilson Timothy Kunes 60 1 2 2
2 Anthony Bitetto David Kolomatis 40 1 2 2
Penalty Kill 4 Players Forward
Center Wing Time % Phy DF OF
1 Andrew Gordon Christian Hanson 60 1 2 2
2 Fedor Fedorov Matt Calvert 40 1 2 2
Penalty Kill 4 Players Defense
Defense Defense Time % Phy DF OF
1 Ryan Wilson Timothy Kunes 60 1 2 2
2 Anthony Bitetto David Kolomatis 40 1 2 2
Penalty Kill - 3 Players Forward
Forward Time % Phy DF OF
1 Andrew Gordon 60 1 2 2
2 Christian Hanson 40 1 2 2
Penalty Kill - 3 Players Defense
Defense Defense Time % Phy DF OF
1 Ryan Wilson Timothy Kunes 60 1 2 2
2 Anthony Bitetto David Kolomatis 40 1 2 2
4 vs 4 Forward
Center Wing Time % Phy DF OF
1 Andrew Gordon Christian Hanson 60 1 2 2
2 Fedor Fedorov Matt Calvert 40 1 2 2
4 vs 4 Defense
Defense Defense Time % Phy DF OF
1 Ryan Wilson Timothy Kunes 60 1 2 2
2 Anthony Bitetto David Kolomatis 40 1 2 2
Last Minutes Offensive
Center Left Wing Right Wing Defense Defense
Christian Hanson Fedor Fedorov Andrew Gordon Ryan Wilson Timothy Kunes
Last Minutes Defensive
Center Left Wing Right Wing Defense Defense
Christian Hanson Fedor Fedorov Andrew Gordon Ryan Wilson Timothy Kunes
Goaltenders
Starting : Marek Schwarz
Backup : Andrei Vasilevskiy
Extra Forwards
Normal : Mark Stone, Evgeny Kuznetsov, Phil McRae - PP : Mark Stone, Evgeny Kuznetsov - PK : Phil McRae
Extra Defensemen
Normal : Alex Petrovic, Aaron Ness, Anthony Bitetto - PP : Alex Petrovic - PK : Aaron Ness, Anthony Bitetto
Penalty Shots
Andrew Gordon, Christian Hanson, Fedor Fedorov, Matt Calvert, Zenon Konopka
Scratches
Robert Baillargeon (Healthy), Jared Knight (Healthy), Scott Glennie (Healthy), Austin Watson (Healthy), Robbie Russo (Broken Nose Injury)
Riley Barber (Healthy), Phoenix Copley (Healthy)
% Time on Ice - Ice Dragons
Lines # - Real PCT - Wanted PCT - Time Play
Normal Forward
1 - 37% - 40% - 18:54
2 - 30% - 30% - 15:19
3 - 27% - 20% - 14:01
4 - 6% - 10% - 3:17
Normal Defense
1 - 41% - 40% - 21:08
2 - 30% - 30% - 15:31
3 - 22% - 20% - 11:31
4 - 7% - 10% - 3:21
PP Forward
1 - 54% - 60% - 2:26
2 - 46% - 40% - 2:05
PP Defense
1 - 68% - 60% - 3:05
2 - 32% - 40% - 1:26
PK Forward
1 - 73% - 60% - 2:54
2 - 27% - 40% - 1:04
PK Defense
1 - 63% - 60% - 2:31
2 - 37% - 40% - 1:27
PK3 Forward
1 - 0% - 60%
2 - 0% - 40%
PK3 Defense
1 - 0% - 60%
2 - 0% - 40%
44 Forward
1 - 100% - 60% - 0:16
2 - 0% - 40% - 0:00
44 Defense
1 - 100% - 60% - 0:16
2 - 0% - 40% - 0:00
Last Minute Offensive - 0:00
Last Minute Defensive - 0:00
Total
Forward - 60:16
Defense - 60:16
|
% Time on Ice - Patriotes
Lines # - Real PCT - Wanted PCT - Time Play
Normal Forward
1 - 36% - 40% - 18:19
2 - 28% - 30% - 14:12
3 - 21% - 20% - 11:04
4 - 15% - 10% - 7:56
Normal Defense
1 - 39% - 40% - 20:18
2 - 33% - 30% - 17:10
3 - 22% - 20% - 11:34
4 - 5% - 10% - 2:29
PP Forward
1 - 59% - 60% - 2:21
2 - 41% - 40% - 1:37
PP Defense
1 - 55% - 60% - 2:12
2 - 45% - 40% - 1:46
PK Forward
1 - 88% - 60% - 3:58
2 - 12% - 40% - 0:33
PK Defense
1 - 61% - 60% - 2:46
2 - 39% - 40% - 1:45
PK3 Forward
1 - 100% - 60% - 0:16
2 - 0% - 40% - 0:00
PK3 Defense
1 - 100% - 60% - 0:16
2 - 0% - 40% - 0:00
44 Forward
1 - 0% - 60%
2 - 0% - 40%
44 Defense
1 - 0% - 60%
2 - 0% - 40%
Last Minute Offensive - 0:00
Last Minute Defensive - 0:00
Total
Forward - 60:16
Defense - 60:16
|
Play by Play
1st period
0:01 of 1st period - Evgeny Kuznetsov wins face-off versus Michael Latta in neutral zone.
0:40 of 1st period - Tomas Kudelka is hit by Tyler Randell and loses puck.
0:58 of 1st period - Snap shot by Andrew Gordon.
0:58 of 1st period - Stopped by Anders Nilsson with a rebound.
1:00 of 1st period - Snap shot by Justin Florek.
1:00 of 1st period - Shot Misses the Net.
2:11 of 1st period - Snap shot by Evgeny Kuznetsov.
2:11 of 1st period - Stopped by Anders Nilsson with a rebound.
2:13 of 1st period - Wrist shot by Anthony Bitetto.
2:13 of 1st period - Deflect By Petr Vrana.
2:13 of 1st period - Stopped by Anders Nilsson with a rebound.
2:23 of 1st period - Wrist shot by Christian Hanson.
2:23 of 1st period - Stopped by Anders Nilsson without a rebound.
2:24 of 1st period - Christian Hanson wins face-off versus Michael Latta in Ice Dragons zone.
2:25 of 1st period - Slapshot by Matt Calvert.
2:25 of 1st period - Stopped by Anders Nilsson with a rebound.
2:32 of 1st period - Off-side.
2:33 of 1st period - Michael Latta wins face-off versus Evgeny Kuznetsov in neutral zone.
2:35 of 1st period - Off-side.
2:36 of 1st period - Troy Brouwer wins face-off versus Evgeny Kuznetsov in neutral zone.
2:39 of 1st period - David Kolomatis is hit by Michael Latta and loses puck.
2:48 of 1st period - Wrist shot by Troy Brouwer.
2:48 of 1st period - Shot Misses the Net.
3:27 of 1st period - Slapshot by Justin Faulk.
3:27 of 1st period - Shot Misses the Net.
3:29 of 1st period - Wrist shot by Tyler Haskins.
3:29 of 1st period - Shot Blocked by Zenon Konopka.
3:47 of 1st period - Curtis Glencross is hit by Ryan Wilson and loses puck.
4:08 of 1st period - Samuel Groulx is hit by Mark Stone and loses puck.
4:24 of 1st period - Off-side.
4:25 of 1st period - Michael Chaput wins face-off versus Christian Hanson in neutral zone.
4:32 of 1st period - Off-side.
4:33 of 1st period - Evgeny Kuznetsov wins face-off versus Michael Latta in neutral zone.
4:48 of 1st period - Wrist shot by Evgeny Kuznetsov.
4:48 of 1st period - Goal by Evgeny Kuznetsov - Ice Dragons : 0 - Patriotes : 1.
4:49 of 1st period - Evgeny Kuznetsov wins face-off versus Michael Latta in neutral zone.
4:56 of 1st period - Snap shot by Evgeny Kuznetsov.
4:56 of 1st period - Shot Misses the Net.
4:58 of 1st period - Slapshot by Ryan Wilson.
4:58 of 1st period - Shot Blocked by Curtis Glencross.
5:16 of 1st period - Icing by Joe Callahan.
5:17 of 1st period - Christian Hanson wins face-off versus Michael Latta in Ice Dragons zone.
5:20 of 1st period - Snap shot by Christian Hanson.
5:20 of 1st period - Shot Misses the Net.
5:22 of 1st period - Snap shot by Christian Hanson.
5:22 of 1st period - Shot Blocked by Tomas Kudelka.
5:24 of 1st period - Slapshot by David Kolomatis.
5:24 of 1st period - Stopped by Anders Nilsson with a rebound.
5:26 of 1st period - Slapshot by Tyler Randell.
5:26 of 1st period - Stopped by Anders Nilsson without a rebound.
5:27 of 1st period - Evgeny Kuznetsov wins face-off versus Tyler Haskins in Ice Dragons zone.
5:32 of 1st period - Wrist shot by Mark Stone.
5:32 of 1st period - Shot Blocked by Tomas Kudelka.
5:34 of 1st period - Slapshot by Anthony Bitetto.
5:34 of 1st period - Shot Misses the Net.
5:36 of 1st period - Snap shot by Evgeny Kuznetsov.
5:36 of 1st period - Goal by Evgeny Kuznetsov - Ice Dragons : 0 - Patriotes : 2.
5:37 of 1st period - Zenon Konopka wins face-off versus Tyler Haskins in neutral zone.
5:39 of 1st period - Off-side.
5:40 of 1st period - Tyler Haskins wins face-off versus Zenon Konopka in neutral zone.
5:47 of 1st period - Slapshot by Justin Faulk.
5:47 of 1st period - Shot Misses the Net.
6:27 of 1st period - Snap shot by Curtis Glencross.
6:27 of 1st period - Deflect By Michael Latta.
6:27 of 1st period - Stopped by Marek Schwarz without a rebound.
6:28 of 1st period - Michael Latta wins face-off versus Christian Hanson in Patriotes zone.
6:55 of 1st period - Snap shot by Tyler Haskins.
6:55 of 1st period - Stopped by Marek Schwarz with a rebound.
7:21 of 1st period - Snap shot by Fedor Fedorov.
7:21 of 1st period - Shot Blocked by Samuel Groulx.
8:33 of 1st period - Tomas Kudelka is hit by Ryan Wilson and loses puck.
8:40 of 1st period - Snap shot by Evgeny Kuznetsov.
8:40 of 1st period - Stopped by Anders Nilsson without a rebound.
8:41 of 1st period - Tyler Haskins wins face-off versus Christian Hanson in Ice Dragons zone.
8:50 of 1st period - Snap shot by Tyler Haskins.
8:50 of 1st period - Stopped by Marek Schwarz with a rebound.
9:22 of 1st period - Minor Penalty to Christian Hanson for Tripping.
9:23 of 1st period - Andrew Gordon wins face-off versus Michael Latta in Patriotes zone.
11:22 of 1st period - Penalty to Christian Hanson is over, Christian Hanson is back on ice.
11:35 of 1st period - Snap shot by Michael Chaput.
11:35 of 1st period - Shot Blocked by Christian Hanson.
11:45 of 1st period - Samuel Groulx is hit by Zenon Konopka and loses puck.
12:04 of 1st period - Slapshot by Emerson Etem.
12:04 of 1st period - Shot Misses the Net.
12:41 of 1st period - Icing by Alex Petrovic.
12:42 of 1st period - Christian Hanson wins face-off versus Sam Carrick in Patriotes zone.
13:17 of 1st period - Snap shot by Phil McRae.
13:17 of 1st period - Stopped by Anders Nilsson with a rebound.
13:53 of 1st period - Anthony Bitetto is hit by Tyler Haskins and loses puck.
14:12 of 1st period - Michael Chaput is hit by Phil McRae and loses puck.
14:35 of 1st period - Michael Latta is hit by Mark Stone and loses puck.
14:53 of 1st period - Kevin Connauton is hit by Timothy Kunes and loses puck.
16:56 of 1st period - Tomas Kudelka is hit by Phil McRae and loses puck.
17:14 of 1st period - Ryan Reaves is hit by Ryan Wilson and loses puck.
17:35 of 1st period - Troy Brouwer is hit by Andrew Gordon and loses puck.
17:46 of 1st period - Snap shot by Zenon Konopka.
17:46 of 1st period - Shot Misses the Net.
17:48 of 1st period - Slapshot by Zenon Konopka.
17:48 of 1st period - Shot Misses the Net.
17:54 of 1st period - Minor Penalty to Michael Latta for Holding.
17:55 of 1st period - Curtis Glencross wins face-off versus Christian Hanson in Ice Dragons zone.
18:19 of 1st period - Timothy Kunes is hit by Joe Callahan and loses puck.
18:34 of 1st period - Wrist shot by Fedor Fedorov.
18:34 of 1st period - Shot Blocked by Troy Brouwer.
19:52 of 1st period - Curtis Glencross is hit by David Kolomatis and loses puck.
19:54 of 1st period - Penalty to Michael Latta is over, Michael Latta is back on ice.
Goals for this period are 0 for Ice Dragons vs 2 for Patriotes.
Shots for this period are 3 for Ice Dragons vs 11 for Patriotes.
2nd period
0:01 of 2nd period - Michael Latta wins face-off versus Evgeny Kuznetsov in neutral zone.
0:14 of 2nd period - Curtis Glencross is hit by Evgeny Kuznetsov and loses puck.
0:48 of 2nd period - Slapshot by Matt Calvert.
0:48 of 2nd period - Shot Misses the Net.
0:58 of 2nd period - Snap shot by Michael Chaput.
0:58 of 2nd period - Shot Misses the Net.
1:12 of 2nd period - Troy Brouwer is hit by Fedor Fedorov and loses puck.
1:34 of 2nd period - Minor Penalty to Emerson Etem for Interference.
1:35 of 2nd period - Michael Latta wins face-off versus Andrew Gordon in Patriotes zone.
1:44 of 2nd period - Snap shot by Michael Latta.
1:44 of 2nd period - Goal by Michael Latta - Ice Dragons : 1 - Patriotes : 2.
1:45 of 2nd period - Evgeny Kuznetsov wins face-off versus Michael Latta in neutral zone.
1:54 of 2nd period - Slapshot by Fedor Fedorov.
1:54 of 2nd period - Shot Misses the Net.
2:37 of 2nd period - Justin Florek is hit by Theodor Blueger and loses puck.
2:57 of 2nd period - Off-side.
2:58 of 2nd period - Michael Latta wins face-off versus Evgeny Kuznetsov in neutral zone.
3:13 of 2nd period - Slapshot by Justin Faulk.
3:13 of 2nd period - Stopped by Marek Schwarz with a rebound.
3:32 of 2nd period - Snap shot by Petr Vrana.
3:32 of 2nd period - Stopped by Marek Schwarz without a rebound.
3:33 of 2nd period - Zenon Konopka wins face-off versus Michael Latta in Patriotes zone.
3:58 of 2nd period - Samuel Groulx is hit by Timothy Kunes.
4:02 of 2nd period - Wrist shot by Fedor Fedorov.
4:02 of 2nd period - Shot Blocked by Adam Larsson.
4:04 of 2nd period - Slapshot by Fedor Fedorov.
4:04 of 2nd period - Goal by Fedor Fedorov - Ice Dragons : 1 - Patriotes : 3.
4:05 of 2nd period - Evgeny Kuznetsov wins face-off versus Michael Latta in neutral zone.
4:17 of 2nd period - Snap shot by Michael Latta.
4:17 of 2nd period - Shot Misses the Net.
4:19 of 2nd period - Slapshot by Joe Callahan.
4:19 of 2nd period - Shot Blocked by Mark Stone.
4:21 of 2nd period - Slapshot by Joe Callahan.
4:21 of 2nd period - Stopped by Marek Schwarz without a rebound.
4:22 of 2nd period - Matt Calvert wins face-off versus Tyler Haskins in Patriotes zone.
4:27 of 2nd period - Slapshot by Ryan Wilson.
4:27 of 2nd period - Shot Blocked by Justin Faulk.
4:37 of 2nd period - Slapshot by Tyler Haskins.
4:37 of 2nd period - Shot Blocked by Timothy Kunes.
4:52 of 2nd period - Wrist shot by Michael Latta.
4:52 of 2nd period - Goal by Michael Latta - Ice Dragons : 2 - Patriotes : 3.
4:53 of 2nd period - Michael Latta wins face-off versus Evgeny Kuznetsov in neutral zone.
5:04 of 2nd period - Snap shot by Curtis Glencross.
5:04 of 2nd period - Shot Blocked by Ryan Wilson.
5:06 of 2nd period - Snap shot by Curtis Glencross.
5:06 of 2nd period - Shot Misses the Net.
5:08 of 2nd period - Wrist shot by Troy Brouwer.
5:08 of 2nd period - Stopped by Marek Schwarz with a rebound.
5:14 of 2nd period - Minor Penalty to Ryan Wilson for Interference.
5:15 of 2nd period - Michael Latta wins face-off versus Andrew Gordon in Patriotes zone.
5:16 of 2nd period - Wrist shot by Curtis Glencross.
5:16 of 2nd period - Stopped by Marek Schwarz with a rebound.
5:18 of 2nd period - Wrist shot by Troy Brouwer.
5:18 of 2nd period - Deflect By Curtis Glencross.
5:18 of 2nd period - Shot Blocked by Timothy Kunes.
5:18 of 2nd period - Puck is out of play.
5:19 of 2nd period - Michael Latta wins face-off versus Andrew Gordon in Patriotes zone.
5:20 of 2nd period - Snap shot by Curtis Glencross.
5:20 of 2nd period - Stopped by Marek Schwarz with a rebound.
5:50 of 2nd period - Snap shot by Tyler Haskins.
5:50 of 2nd period - Stopped by Marek Schwarz with a rebound.
7:14 of 2nd period - Penalty to Ryan Wilson is over, Ryan Wilson is back on ice.
7:30 of 2nd period - Wrist shot by Andrew Gordon.
7:30 of 2nd period - Stopped by Anders Nilsson without a rebound.
7:31 of 2nd period - Zenon Konopka wins face-off versus Michael Chaput in Ice Dragons zone.
7:38 of 2nd period - Slapshot by Adam Larsson.
7:38 of 2nd period - Goal by Adam Larsson - Ice Dragons : 3 - Patriotes : 3.
7:39 of 2nd period - Evgeny Kuznetsov wins face-off versus Michael Latta in neutral zone.
8:17 of 2nd period - Tyler Randell is hit by Petr Vrana and loses puck.
8:27 of 2nd period - Icing by Matt Calvert.
8:28 of 2nd period - Christian Hanson wins face-off versus Michael Chaput in Patriotes zone.
8:34 of 2nd period - Off-side.
8:35 of 2nd period - Michael Latta wins face-off versus Zenon Konopka in neutral zone.
9:04 of 2nd period - Snap shot by Petr Vrana.
9:04 of 2nd period - Stopped by Marek Schwarz without a rebound.
9:05 of 2nd period - Evgeny Kuznetsov wins face-off versus Tyler Haskins in Patriotes zone.
9:23 of 2nd period - Snap shot by Tyler Haskins.
9:23 of 2nd period - Stopped by Marek Schwarz with a rebound.
9:25 of 2nd period - Snap shot by Joe Callahan.
9:25 of 2nd period - Goal by Joe Callahan - Ice Dragons : 4 - Patriotes : 3.
9:26 of 2nd period - Evgeny Kuznetsov wins face-off versus Michael Latta in neutral zone.
10:30 of 2nd period - Wrist shot by Michael Chaput.
10:30 of 2nd period - Shot Hit the Post.
10:32 of 2nd period - Slapshot by Joe Callahan.
10:32 of 2nd period - Shot Blocked by Emerson Etem.
10:34 of 2nd period - Wrist shot by Troy Brouwer.
10:34 of 2nd period - Stopped by Marek Schwarz without a rebound.
10:35 of 2nd period - Michael Latta wins face-off versus Evgeny Kuznetsov in Patriotes zone.
10:36 of 2nd period - Wrist shot by Curtis Glencross.
10:36 of 2nd period - Stopped by Marek Schwarz with a rebound.
10:46 of 2nd period - Snap shot by Curtis Glencross.
10:46 of 2nd period - Stopped by Marek Schwarz with a rebound.
11:23 of 2nd period - Slapshot by Emerson Etem.
11:23 of 2nd period - Deflect By Phil McRae.
11:23 of 2nd period - Stopped by Anders Nilsson with a rebound.
11:25 of 2nd period - Wrist shot by Vince Hinostroza.
11:25 of 2nd period - Stopped by Anders Nilsson without a rebound.
11:26 of 2nd period - Phil McRae wins face-off versus Michael Chaput in Ice Dragons zone.
11:27 of 2nd period - Slapshot by Aaron Ness.
11:27 of 2nd period - Shot Blocked by Samuel Groulx.
11:29 of 2nd period - Slapshot by Aaron Ness.
11:29 of 2nd period - Shot Blocked by Samuel Groulx.
11:31 of 2nd period - Snap shot by Phil McRae.
11:31 of 2nd period - Deflect By Brandon Kozun.
11:31 of 2nd period - Shot Blocked by Michael Chaput.
11:31 of 2nd period - Puck is out of play.
11:32 of 2nd period - Evgeny Kuznetsov wins face-off versus Michael Latta in Ice Dragons zone.
11:37 of 2nd period - Snap shot by Fedor Fedorov.
11:37 of 2nd period - Shot Misses the Net.
11:47 of 2nd period - Fedor Fedorov is hit by Adam Larsson and loses puck.
12:07 of 2nd period - Slapshot by Tyler Haskins.
12:07 of 2nd period - Stopped by Marek Schwarz without a rebound.
12:08 of 2nd period - Michael Latta wins face-off versus Christian Hanson in Patriotes zone.
12:13 of 2nd period - Slapshot by Michael Latta.
12:13 of 2nd period - Shot Blocked by Timothy Kunes.
12:39 of 2nd period - Wrist shot by Fedor Fedorov.
12:39 of 2nd period - Shot Misses the Net.
13:13 of 2nd period - Justin Faulk is hit by Anthony Bitetto and loses puck.
15:46 of 2nd period - Justin Faulk is hit by Zenon Konopka and loses puck.
15:55 of 2nd period - Backhand shot by Anthony Bitetto.
15:55 of 2nd period - Stopped by Anders Nilsson without a rebound.
15:56 of 2nd period - Evgeny Kuznetsov wins face-off versus Michael Latta in Ice Dragons zone.
16:24 of 2nd period - Snap shot by Tyler Randell.
16:24 of 2nd period - Shot Misses the Net.
16:26 of 2nd period - Slapshot by Anthony Bitetto.
16:26 of 2nd period - Stopped by Anders Nilsson with a rebound.
16:28 of 2nd period - Slapshot by David Kolomatis.
16:28 of 2nd period - Deflect By Christian Hanson.
16:28 of 2nd period - Stopped by Anders Nilsson without a rebound.
16:29 of 2nd period - Tyler Haskins wins face-off versus Evgeny Kuznetsov in Ice Dragons zone.
16:31 of 2nd period - Samuel Groulx is hit by Fedor Fedorov and loses puck.
16:55 of 2nd period - David Kolomatis is hit by Brandon Kozun and loses puck.
17:06 of 2nd period - Snap shot by Brandon Kozun.
17:06 of 2nd period - Shot Blocked by Fedor Fedorov.
17:12 of 2nd period - Backhand shot by Ryan Wilson.
17:12 of 2nd period - Deflect By Evgeny Kuznetsov.
17:12 of 2nd period - Shot Misses the Net.
17:12 of 2nd period - Puck is out of play.
17:13 of 2nd period - Michael Latta wins face-off versus Christian Hanson in Ice Dragons zone.
17:17 of 2nd period - Off-side.
17:18 of 2nd period - Christian Hanson wins face-off versus Troy Brouwer in neutral zone.
17:53 of 2nd period - Wrist shot by Andrew Gordon.
17:53 of 2nd period - Stopped by Anders Nilsson without a rebound.
17:54 of 2nd period - Tyler Haskins wins face-off versus Evgeny Kuznetsov in Ice Dragons zone.
18:01 of 2nd period - Backhand shot by Samuel Groulx.
18:01 of 2nd period - Stopped by Marek Schwarz with a rebound.
18:36 of 2nd period - Wrist shot by Aaron Ness.
18:36 of 2nd period - Shot Misses the Net.
18:38 of 2nd period - Slapshot by Aaron Ness.
18:38 of 2nd period - Shot Misses the Net.
18:44 of 2nd period - Slapshot by Ryan Wilson.
18:44 of 2nd period - Stopped by Anders Nilsson with a rebound.
18:46 of 2nd period - Snap shot by Andrew Gordon.
18:46 of 2nd period - Stopped by Anders Nilsson with a rebound.
19:00 of 2nd period - Tyler Haskins is hit by Timothy Kunes and loses puck.
19:19 of 2nd period - Wrist shot by Troy Brouwer.
19:19 of 2nd period - Shot Blocked by Emerson Etem.
19:43 of 2nd period - Slapshot by David Kolomatis.
19:43 of 2nd period - Deflect By Matt Calvert.
19:43 of 2nd period - Shot Blocked by Tyler Haskins.
19:43 of 2nd period - Puck is out of play.
19:44 of 2nd period - Evgeny Kuznetsov wins face-off versus Tyler Haskins in Ice Dragons zone.
19:45 of 2nd period - Slapshot by Ryan Wilson.
19:45 of 2nd period - Stopped by Anders Nilsson with a rebound.
19:47 of 2nd period - Wrist shot by Evgeny Kuznetsov.
19:47 of 2nd period - Goal by Evgeny Kuznetsov - Ice Dragons : 4 - Patriotes : 4.
19:48 of 2nd period - Evgeny Kuznetsov wins face-off versus Curtis Glencross in neutral zone.
Goals for this period are 4 for Ice Dragons vs 2 for Patriotes.
Shots for this period are 18 for Ice Dragons vs 12 for Patriotes.
3rd period
0:01 of 3rd period - Michael Latta wins face-off versus Evgeny Kuznetsov in neutral zone.
0:45 of 3rd period - Anthony Bitetto is hit by Ryan Reaves.
1:12 of 3rd period - Backhand shot by Tyler Haskins.
1:12 of 3rd period - Shot Misses the Net.
1:20 of 3rd period - Slapshot by Tyler Randell.
1:20 of 3rd period - Deflect By Adam Larsson.
1:20 of 3rd period - Shot Blocked by Petr Vrana.
1:20 of 3rd period - Puck is out of play.
1:21 of 3rd period - Evgeny Kuznetsov wins face-off versus Michael Latta in Ice Dragons zone.
1:22 of 3rd period - Slapshot by Ryan Wilson.
1:22 of 3rd period - Shot Blocked by Michael Latta.
1:24 of 3rd period - Slapshot by Timothy Kunes.
1:24 of 3rd period - Stopped by Anders Nilsson with a rebound.
1:26 of 3rd period - Wrist shot by Timothy Kunes.
1:26 of 3rd period - Stopped by Anders Nilsson without a rebound.
1:27 of 3rd period - Evgeny Kuznetsov wins face-off versus Michael Latta in Ice Dragons zone.
1:28 of 3rd period - Snap shot by Fedor Fedorov.
1:28 of 3rd period - Stopped by Anders Nilsson with a rebound.
1:30 of 3rd period - Backhand shot by Mark Stone.
1:30 of 3rd period - Stopped by Anders Nilsson with a rebound.
1:32 of 3rd period - Snap shot by Timothy Kunes.
1:32 of 3rd period - Stopped by Anders Nilsson without a rebound.
1:33 of 3rd period - Michael Latta wins face-off versus Evgeny Kuznetsov in Ice Dragons zone.
1:33 of 3rd period - Michael Latta is hit by Mark Stone.
1:47 of 3rd period - Snap shot by Michael Latta.
1:47 of 3rd period - Stopped by Marek Schwarz with a rebound.
2:33 of 3rd period - Tomas Kudelka is hit by Tyler Randell and loses puck.
3:36 of 3rd period - Slapshot by Ryan Wilson.
3:36 of 3rd period - Deflect By Curtis Glencross.
3:36 of 3rd period - Stopped by Anders Nilsson with a rebound.
3:38 of 3rd period - Snap shot by Justin Florek.
3:38 of 3rd period - Stopped by Anders Nilsson without a rebound.
3:39 of 3rd period - Tyler Haskins wins face-off versus Evgeny Kuznetsov in Ice Dragons zone.
4:48 of 3rd period - Slapshot by Vince Hinostroza.
4:48 of 3rd period - Shot Misses the Net.
5:00 of 3rd period - Aaron Ness is hit by Michael Latta and loses puck.
5:07 of 3rd period - Troy Brouwer is hit by Fedor Fedorov and loses puck.
5:25 of 3rd period - Matt Calvert is hit by Theodor Blueger and loses puck.
6:48 of 3rd period - Off-side.
6:49 of 3rd period - Ryan Reaves wins face-off versus Zenon Konopka in neutral zone.
8:07 of 3rd period - Brandon Kozun is hit by Emerson Etem and loses puck.
8:21 of 3rd period - Phil McRae is hit by Samuel Groulx and loses puck.
8:32 of 3rd period - Phil McRae is hit by Samuel Groulx.
9:10 of 3rd period - Michael Chaput is hit by Christian Hanson and loses puck.
9:53 of 3rd period - Off-side.
9:54 of 3rd period - Evgeny Kuznetsov wins face-off versus Sam Carrick in neutral zone.
10:27 of 3rd period - Backhand shot by Justin Faulk.
10:27 of 3rd period - Goal by Justin Faulk - Ice Dragons : 5 - Patriotes : 4.
10:28 of 3rd period - Michael Latta wins face-off versus Evgeny Kuznetsov in neutral zone.
10:43 of 3rd period - Snap shot by Evgeny Kuznetsov.
10:43 of 3rd period - Stopped by Anders Nilsson without a rebound.
10:44 of 3rd period - Tyler Haskins wins face-off versus Christian Hanson in Ice Dragons zone.
10:46 of 3rd period - Minor Penalty to Ryan Reaves for Roughing.
10:47 of 3rd period - Andrew Gordon wins face-off versus Curtis Glencross in Ice Dragons zone.
10:47 of 3rd period - Wrist shot by Fedor Fedorov.
10:47 of 3rd period - Stopped by Anders Nilsson with a rebound.
11:01 of 3rd period - Slapshot by Justin Faulk.
11:01 of 3rd period - Stopped by Marek Schwarz with a rebound.
11:03 of 3rd period - Slapshot by Justin Faulk.
11:03 of 3rd period - Stopped by Marek Schwarz without a rebound.
11:04 of 3rd period - Zenon Konopka wins face-off versus Curtis Glencross in Patriotes zone.
11:41 of 3rd period - Slapshot by Ryan Wilson.
11:41 of 3rd period - Shot Blocked by Tomas Kudelka.
12:46 of 3rd period - Penalty to Ryan Reaves is over, Ryan Reaves is back on ice.
12:57 of 3rd period - Slapshot by Ryan Reaves.
12:57 of 3rd period - Shot Misses the Net.
12:59 of 3rd period - Wrist shot by Michael Ferland.
12:59 of 3rd period - Stopped by Marek Schwarz without a rebound.
13:00 of 3rd period - Phil McRae wins face-off versus Michael Chaput in Patriotes zone.
13:10 of 3rd period - Snap shot by Phil McRae.
13:10 of 3rd period - Shot Blocked by Brandon Kozun.
13:12 of 3rd period - Slapshot by Aaron Ness.
13:12 of 3rd period - Stopped by Anders Nilsson without a rebound.
13:13 of 3rd period - Evgeny Kuznetsov wins face-off versus Michael Latta in Ice Dragons zone.
13:16 of 3rd period - Wrist shot by Mark Stone.
13:16 of 3rd period - Stopped by Anders Nilsson with a rebound.
13:26 of 3rd period - Snap shot by Fedor Fedorov.
13:26 of 3rd period - Shot Blocked by Curtis Glencross.
13:40 of 3rd period - Justin Faulk is hit by Phil McRae.
13:48 of 3rd period - Slapshot by Petr Vrana.
13:48 of 3rd period - Stopped by Marek Schwarz without a rebound.
13:49 of 3rd period - Evgeny Kuznetsov wins face-off versus Michael Latta in Patriotes zone.
13:59 of 3rd period - Slapshot by Fedor Fedorov.
13:59 of 3rd period - Stopped by Anders Nilsson without a rebound.
14:00 of 3rd period - Michael Latta wins face-off versus Evgeny Kuznetsov in Ice Dragons zone.
14:07 of 3rd period - Wrist shot by Mark Stone.
14:07 of 3rd period - Shot Blocked by Joe Callahan.
14:16 of 3rd period - Off-side.
14:17 of 3rd period - Christian Hanson wins face-off versus Tyler Haskins in neutral zone.
14:59 of 3rd period - Wrist shot by Petr Vrana.
14:59 of 3rd period - Shot Blocked by Justin Florek.
15:11 of 3rd period - Snap shot by Troy Brouwer.
15:11 of 3rd period - Stopped by Marek Schwarz without a rebound.
15:12 of 3rd period - Evgeny Kuznetsov wins face-off versus Michael Latta in Patriotes zone.
15:25 of 3rd period - Slapshot by Ryan Wilson.
15:25 of 3rd period - Shot Blocked by Tomas Kudelka.
15:27 of 3rd period - Wrist shot by Mark Stone.
15:27 of 3rd period - Shot Misses the Net.
15:57 of 3rd period - Ryan Reaves is hit by Tyler Randell and loses puck.
16:12 of 3rd period - Slapshot by Anthony Bitetto.
16:12 of 3rd period - Stopped by Anders Nilsson without a rebound.
16:13 of 3rd period - Troy Brouwer wins face-off versus Phil McRae in Ice Dragons zone.
16:13 of 3rd period - Troy Brouwer is hit by Alex Petrovic.
16:39 of 3rd period - Alex Petrovic is hit by Theodor Blueger.
16:45 of 3rd period - Slapshot by Zenon Konopka.
16:45 of 3rd period - Stopped by Anders Nilsson with a rebound.
16:47 of 3rd period - Slapshot by Ryan Wilson.
16:47 of 3rd period - Deflect By Justin Florek.
16:47 of 3rd period - Stopped by Anders Nilsson with a rebound.
16:59 of 3rd period - Snap shot by Tyler Randell.
16:59 of 3rd period - Shot Misses the Net.
17:01 of 3rd period - Slapshot by Timothy Kunes.
17:01 of 3rd period - Stopped by Anders Nilsson with a rebound.
17:03 of 3rd period - Slapshot by Ryan Wilson.
17:03 of 3rd period - Shot Blocked by Theodor Blueger.
17:05 of 3rd period - Snap shot by Matt Calvert.
17:05 of 3rd period - Goal by Matt Calvert - Ice Dragons : 5 - Patriotes : 5.
17:06 of 3rd period - Tyler Haskins wins face-off versus Zenon Konopka in neutral zone.
17:39 of 3rd period - Slapshot by Justin Faulk.
17:39 of 3rd period - Stopped by Marek Schwarz without a rebound.
17:40 of 3rd period - Michael Chaput wins face-off versus Evgeny Kuznetsov in Patriotes zone.
17:45 of 3rd period - Wrist shot by Brandon Kozun.
17:45 of 3rd period - Stopped by Marek Schwarz with a rebound.
17:51 of 3rd period - Snap shot by Mark Stone.
17:51 of 3rd period - Shot Misses the Net.
18:01 of 3rd period - Slapshot by Michael Chaput.
18:01 of 3rd period - Shot Misses the Net.
18:21 of 3rd period - Christian Hanson is hit by Brandon Kozun and loses puck.
18:28 of 3rd period - Theodor Blueger is hit by Christian Hanson and loses puck.
18:37 of 3rd period - Snap shot by Ryan Wilson.
18:37 of 3rd period - Stopped by Anders Nilsson without a rebound.
18:38 of 3rd period - Tyler Haskins wins face-off versus Zenon Konopka in Ice Dragons zone.
19:03 of 3rd period - Ryan Wilson is hit by Troy Brouwer and loses puck.
19:24 of 3rd period - Evgeny Kuznetsov is hit by Troy Brouwer.
19:36 of 3rd period - Minor Penalty to Fedor Fedorov for Hooking.
19:37 of 3rd period - Andrew Gordon wins face-off versus Tyler Haskins in Patriotes zone.
19:37 of 3rd period - Andrew Gordon is hit by Petr Vrana.
19:47 of 3rd period - Andrew Gordon is hit by Tyler Haskins and loses puck.
Goals for this period are 1 for Ice Dragons vs 1 for Patriotes.
Shots for this period are 9 for Ice Dragons vs 18 for Patriotes.
Overtime #1
0:01 of 1st overtime period - Andrew Gordon wins face-off versus Curtis Glencross in neutral zone.
0:16 of 1st overtime period - Snap shot by Troy Brouwer.
0:16 of 1st overtime period - Goal by Troy Brouwer - Ice Dragons : 6 - Patriotes : 5.
Goals for this period are 1 for Ice Dragons vs 0 for Patriotes.
Shots for this period are 1 for Ice Dragons vs 0 for Patriotes.
Back to the Top